 Dungeon Crawl Stone Soup version 0.31-a0-145-g046c7d2 (webtiles) character file.

Game seed: 78777672634172275

8986 Wizard1ke the Fighter (level 11, -1/63 HPs)
             Began as a Vine Stalker Monk on June 4, 2023.
             Was a Believer of Uskayaw.
             Slain by an orc knight
             ... wielding a +0 dire flail
              (17 damage)
             ... on level 9 of the Dungeon.
             The game lasted 00:28:17 (8607 turns).

Wizard1ke the Fighter (Vine Stalker Monk)           Turns: 8607, Time: 00:28:18

Health: -1/63      AC:  6    Str: 15    XL:     11   Next: 39%
Magic:  0/12       EV: 16    Int: 10    God:    Uskayaw [**....]
Gold:   462        SH:  0    Dex: 20    Spells: 8/10 levels left

rFire   . . .        G - +0 dagger (speed)
rCold   . . .        c - orb {light}
rNeg    . . .        N - +2 robe {Will+}
rPois   .            (no helmet)
rElec   .            r - +0 cloak
rCorr   .            (no gloves)
SInv    .            p - +0 pair of boots
Will    ++...        (no amulet)
Stlth   +            (no ring)
HPRegen 1.10/turn    (no ring)
MPRegen 0.13/turn

%: guardian spirit
@: glowing
A: fangs 3, regeneration 1, magic shield, antimagic bite, no potion heal 2
a: Renounce Religion, Stomp, Line Pass


You were on level 9 of the Dungeon.
You worshipped Uskayaw.
Uskayaw was noncommittal.
You visited 2 branches of the dungeon, and saw 11 of its levels.
You also visited: Sewer.

You collected 462 gold pieces.

Inventory:

Hand Weapons
 e - a +0 lajatang
 k - a +0 dagger of electrocution
 D - a +0 rapier
 G - a +0 dagger of speed (weapon)
Missiles
 q - 61 poisoned darts (quivered)
 H - a curare-tipped dart
Armour
 a - a +0 robe
 c - an orb of light (worn)
 p - a +0 pair of boots (worn)
 r - a +0 cloak (worn)
 B - a +0 kite shield
 E - a +0 chain mail
 F - a +2 leather armour of positive energy
 N - a +2 robe of willpower (worn)
 O - a +10 crystal plate armour of ponderousness
 P - a +2 scale mail of poison resistance
Jewellery
 s - a +6 ring of intelligence
Wands
 y - a wand of acid (5)
 z - a wand of digging (4)
Scrolls
 d - 6 scrolls of identify {unknown}
 h - 2 scrolls of teleportation {unknown}
 j - a scroll of noise {unknown}
 n - 2 scrolls of brand weapon {unknown}
 t - 2 scrolls of magic mapping {unknown}
 u - 2 scrolls of fear {unknown}
 v - a scroll of vulnerability {unknown}
 w - 3 scrolls of enchant weapon {unknown}
 A - 3 scrolls of amnesia {unknown}
 J - 2 scrolls of fog {unknown}
 K - a scroll of blinking {unknown}
 L - a scroll of poison {unknown}
 M - a scroll of acquirement {unknown}
Potions
 b - a potion of ambrosia
 f - a potion of magic {unknown}
 g - 2 potions of cancellation {unknown}
 i - 2 potions of degeneration {unknown}
 l - a potion of haste {unknown}
 m - a potion of heal wounds {unknown}
 o - 3 potions of curing
 x - 2 potions of berserk rage {unknown}
 C - 2 potions of lignification {unknown}
 I - a potion of experience {unknown}


   Skills:
 + Level 10.2 Fighting
 + Level 9.6 Short Blades
 + Level 2.8 Armour
 - Level 6.4 Dodging
 - Level 4.0 Stealth
 - Level 3.2 Unarmed Combat
 - Level 2.0 Evocations


You had 8 spell levels left.
You knew the following spells:

 Your Spells              Type           Power      Damage    Failure   Level
a - Blink                 Tloc           0%         N/A       50%         2

Your spell library contained the following spells:

 Spells                   Type           Power      Damage    Failure   Level
 Foxfire                  Conj/Fire      0%         2x1d4     36%         1
 Lesser Beckoning         Tloc           0%         N/A       50%         2
 Momentum Strike          Conj/Tloc      0%         3d8       50%         2
 Dazzling Flash           Conj/Hex       0%         N/A       75%         3
 Ozocubu's Armour         Ice            0%         N/A       75%         3
 Swiftness                Air            0%         N/A       75%         3
 Vhi's Electric Charge    Tloc/Air       0%         N/A       75%         3
 Volatile Blastmotes      Fire/Tloc      0%         2d10      75%         3
 Iskenderun's Mystic Bla  Conj/Tloc      0%         2d3       98%         4
 Arcjolt                  Conj/Air       0%         1d10      100%        5
 Fireball                 Conj/Fire      0%         3d3       100%        5
 Plasma Beam              Fire/Air       0%         2x1d10    100%        6
 Starburst                Conj/Fire      0%         6d3       100%        6
 Maxwell's Capacitive Co  Air            0%         ∞         100%        8


Dungeon Overview and Level Annotations

Branches:
Dungeon (10/15)            Temple (1/1) D:7           Sewer (visited)
   Lair: D:8-11         Orc: D:9-12

Altars:
Okawaru
Trog
Uskayaw
Jiyva

Annotations:
D:6 Grinder
D:9 2 transporters, Radamante's ghost, novice MiFi


Innate Abilities, Weirdness & Mutations

You have razor-sharp teeth.
Your natural rate of healing is unusually fast.
When hurt, damage is shared between your health and your magic reserves.
Your bite disrupts and absorbs the magic of your enemies.
Potions cannot restore your health.


Message History

You bite the orc knight, but do no damage.
The orc knight is moderately wounded.
You hit the orc knight but do no damage.
You bite the orc knight. You drain its power.
You feel invigorated.
The orc knight is moderately wounded.
The orc knight attacks as you move away!
The orc knight completely misses you.
The cyclops is no longer sharing its pain.
There is a stone staircase leading up here.
The orc knight misses you.
You climb upwards.
Level annotation: 2 transporters, Radamante's ghost, novice MiFi
There is a stone staircase leading down here.
You hit the orc knight but do no damage.
You bite the orc knight, but do no damage.
The orc knight is moderately wounded.
The orc knight hits you with a +0 dire flail!!
You hit the orc knight but do no damage.
The orc knight is moderately wounded.
You hit the orc knight but do no damage.
The orc knight is moderately wounded.
The orc knight hits you with a +0 dire flail!
You hit the orc knight but do no damage.
The orc knight is moderately wounded.
You hit the orc knight but do no damage.
You bite the orc knight, but do no damage.
The orc knight is moderately wounded.
You hit the orc knight but do no damage.
You bite the orc knight. You drain its power.
You feel invigorated.
The orc knight is moderately wounded.
The orc knight hits you with a +0 dire flail!!
* * * LOW HITPOINT WARNING * * *
Okay, then.
Aiming: Corrosive Bolt
Press: ? - help, Shift-Dir - straight line, f - orc knight
Aim: an orc knight, wielding a +0 dire flail and wearing a +0 chain mail (moderately wounded, haloed, 78% to hit)
The bolt of acid hits the orc knight!
The acid corrodes the orc knight!
The orc knight is heavily wounded.
The orc knight hits you with a +0 dire flail!!
You die...

# #.#.###.# #....#.# #.... #
#.#.###.# #...##.# ###.# #
#######.......# #..###.# #.. #
#.........#######..###.# ###
####.############.........#######
.....# #....................
###### #.##......#####.#.###
#.##......## #.#.###
#..o@...#..####....##
######.###.##....©... #.#
#.....#####. #.###...###yOW##
######.#....##...OOQ#
#......#....###...###
#.######...##.##..# # #.#
#...#.##≈$!)## #.# #...#..##._...


You could see an orc knight (corroded).

Vanquished Creatures
  A two-headed ogre (D:8)
  A deep elf pyromancer (D:10)
  A hornet (D:8)
  Sigmund (D:5)
  2 shadows
  9 humans (D:7)
  6 yaks (D:7)
  A steam dragon (D:9)
  Edmund (D:6)
  Menkaure (D:4)
  2 water moccasins
  Duvessa (D:4)
  2 black bears
  7 orc warriors
  2 ice beasts
  2 sky beasts
  5 centaurs
  A phantom (D:5)
  6 kobold brigands
  Blork the orc (D:5)
  3 bullfrogs
  2 gnoll sergeants
  2 scorpions
  Dowan (D:4)
  10 killer bees
  5 howler monkeys
  8 hounds
  5 orc priests
  6 jellies
  3 iguanas
  7 orc wizards
  A sleepcap (D:5)
  13 gnolls
  10 adders
  3 river rats (Sewer)
  A shadow imp (D:7)
  An ufetubus (D:4)
  4 worms
  3 dart slugs
  26 orcs
  15 endoplasms
  4 giant cockroaches
  5 goblins
  8 hobgoblins
  2 jackals (D:4)
  11 kobolds
  9 ball pythons
  2 frilled lizards (D:3)
  6 rats
229 creatures vanquished.

Notes
Turn   | Place    | Note
-------+----------+-------------------------------------------
     0 | D:1      | Wizard1ke the Vine Stalker Monk began the quest for the
                  | Orb.
     0 | D:1      | Reached XP level 1. HP: 11/11 MP: 2/2
   257 | D:1      | You fall into a shaft and drop 1 floor!
   430 | D:1      | Reached XP level 2. HP: 13/16 MP: 3/3
   454 | D:1      | Found a faded altar of an unknown god.
   464 | D:1      | Prayed at the altar of an unknown god.
   464 | D:1      | Became a worshipper of Uskayaw the Reveller
   464 | D:1      | Reached * piety under Uskayaw
   464 | D:1      | Reached ** piety under Uskayaw
   917 | D:2      | Reached skill level 3 in Fighting
  1039 | D:2      | Got Seut's Papyrus of Hoarfrost and the Birds
  1072 | D:2      | Reached XP level 3. HP: 7/20 MP: 1/4
  1333 | D:2      | Reached skill level 1 in Short Blades
  1504 | D:2      | Gained mutation: Your natural rate of healing is unusually
                  | fast. [Vine Stalker growth]
  1504 | D:2      | Reached XP level 4. HP: 24/24 MP: 5/5
  1683 | D:3      | Reached *** piety under Uskayaw
  2174 | D:3      | Reached skill level 1 in Stealth
  2657 | D:4      | Noticed Menkaure
  2679 | D:4      | Noticed Dowan
  2682 | D:4      | Noticed Duvessa
  2683 | D:4      | Reached XP level 5. HP: 28/28 MP: 6/6
  2774 | D:4      | Killed Menkaure
  2775 | D:4      | Reached XP level 6. HP: 33/33 MP: 7/7
  2909 | D:4      | Reached skill level 4 in Fighting
  3124 | D:4      | Killed Duvessa
  3128 | D:4      | Killed Dowan
  3205 | D:3      | Reached XP level 7. HP: 38/38 MP: 6/8
  3440 | D:5      | Entered Level 5 of the Dungeon
  3474 | D:5      | Learned a level 2 spell: Blink
  3474 | D:5      | Noticed Sigmund
  3483 | D:5      | Killed Sigmund
  3484 | D:5      | Reached skill level 1 in Evocations
  3648 | D:5      | Noticed a shadow
  3665 | D:5      | Killed a shadow
  3666 | D:5      | Gained mutation: You have razor-sharp teeth. [Vine Stalker
                  | growth]
  3666 | D:5      | Reached XP level 8. HP: 35/42 MP: 9/9
  3694 | D:5      | Reached skill level 5 in Fighting
  4272 | D:6      | Reached skill level 5 in Dodging
  4315 | D:6      | Found a glowing drain.
  4403 | D:6      | Reached **** piety under Uskayaw
  4494 | Sewer    | Entered a sewer
  4767 | Sewer    | Reached skill level 6 in Fighting
  4786 | Sewer    | Reached skill level 5 in Short Blades
  4786 | Sewer    | Reached XP level 9. HP: 43/48 MP: 10/10
  5476 | D:6      | Noticed Grinder
  5482 | D:6      | Paralysed by Grinder for 2 turns
  5543 | D:6      | Noticed Blork the orc
  5570 | D:5      | Reached ***** piety under Uskayaw
  5573 | D:5      | Killed Blork the orc
  5588 | D:6      | Reached ****** piety under Uskayaw
  5702 | D:6      | Noticed Edmund
  5740 | D:6      | Killed Edmund
  5741 | D:6      | Reached skill level 7 in Fighting
  6090 | D:7      | Found a staircase to the Ecumenical Temple.
  6097 | Temple   | Entered the Ecumenical Temple
  6237 | D:7      | Reached XP level 10. HP: 56/56 MP: 11/11
  6240 | D:7      | Reached skill level 8 in Fighting
  6323 | D:7      | Reached skill level 9 in Fighting
  7423 | D:8      | Reached XP level 11. HP: 45/63 MP: 12/12
  7455 | D:8      | Found a viscous altar of Jiyva.
  7653 | D:8      | Noticed a two-headed ogre
  7661 | D:8      | Killed a two-headed ogre
  7662 | D:8      | Reached skill level 1 in Armour
  7790 | D:9      | Found a transporter.
  7799 | D:9      | Found a transporter.
  8058 | D:9      | Found an iron altar of Okawaru.
  8095 | D:9      | Reached skill level 10 in Fighting
  8385 | D:9      | Found a transporter.
  8386 | D:9      | Found a transporter.
  8391 | D:9      | Noticed a two-headed ogre
  8391 | D:9      | Noticed a two-headed ogre
  8392 | D:9      | Noticed Radamante's ghost (novice MiFi)
  8392 | D:9      | Noticed a two-headed ogre
  8393 | D:9      | Found a bloodstained altar of Trog.
  8393 | D:9      | Noticed a tengu warrior
  8393 | D:9      | Noticed a moth of wrath
  8393 | D:9      | Noticed a two-headed ogre
  8554 | D:10     | Entered Level 10 of the Dungeon
  8568 | D:10     | Noticed a deep elf pyromancer
  8569 | D:10     | Noticed a cyclops
  8569 | D:10     | Noticed an orc knight
  8586 | D:10     | Killed a deep elf pyromancer
  8607 | D:9      | Slain by an orc knight

Illustrated notes

Levels and vault maps discovered:
D:1:      lightli_arrival_statuegarden, layout_loops_corners,
          nicolae_ecumenical_snake_handling
D:2:      layout_loops_ring
D:3:      minmay_evil_eye, layout_basic
D:4:      layout_rooms, minmay_fractal_squares_gapless_5, uniq_duvessa,
          uniq_menkaure
D:5:      layout_loops_ring, uniq_sigmund
D:6:      layout_loops_ring, cheibrodos_sewer_entry_drain, uniq_grinder,
          uniq_edmund, uniq_blork_the_orc
D:7:      erik_cavepeople, layout_basic, minmay_temple_entry_fiery
D:8:      layout_layer_cave, dreamdust_deal_with_the_devil, jiyva_altar_1
D:9:      layout_loops_cross, general_overflow_altar,
          gammafunk_ghost_wrathful_warriors, nicolae_diode_stairs
D:10:     minmay_the_grid_octo_2x2 [minmay_the_grid_octo_teeth,
          minmay_the_grid_octo_tetromino_candy, minmay_the_grid_octo_pinwheel,
          minmay_the_grid_octo_prize_square_snowflake], layout_grid_maze,
          serial_shops, shop, enter_bailey_5, chequers_serial_rivers_micro_d,
          minmay_misc_feat_alley, grunt_ministairs_1
Temple:   mainiacjoe_temple_circle_huts

Skill      XL: |  1  2  3  4  5  6  7  8  9 10 11 |
---------------+----------------------------------+-----
Fighting       | 3 4 6 7 9 10 | 10.2
Short Blades   | 1 2 3 5 7 9 |  9.6
Dodging        | 3 4 5 6 |  6.4
Stealth        | 1 2 3 4 |  4.0
Evocations     | 1 2 |  2.0
Armour         | 2 |  2.8
Unarmed Combat | |  3.2

Action                     |  1- 3 |  4- 6 |  7- 9 | 10-12 || total
---------------------------+-------+-------+-------+-------++-------
  Melee: Unarmed           |    27 |       |       |       ||    27
         Bite              |    16 |    42 |   189 |   214 ||   461
         Dagger            |    16 |   120 |   389 |   414 ||   939
  Throw: Dart              |       |       |       |     1 ||     1
 Invoke: Line Pass         |       |       |       |     1 ||     1
  Evoke: Wand              |       |       |     3 |     2 ||     5
    Use: Potion            |       |       |     1 |       ||     1
   Stab: Paralysed         |       |     2 |    11 |    16 ||    29
         Sleeping          |       |     1 |       |       ||     1
         Distracted        |       |       |       |     1 ||     1
         Confused          |       |       |       |     1 ||     1
 Armour: Robe              |     4 |    14 |    14 |    17 ||    49
         Leather armour    |       |       |    40 |    13 ||    53
         Crystal plate arm |       |       |       |    20 ||    20
  Dodge: Dodged            |    16 |    70 |   164 |   147 ||   397

Table legend: (Time is in decaauts)
 A = Elapsed time spent in this place.
 B = Non-inter-level travel time spent in this place.
 C = Inter-level travel time spent in this place.
 D = Time resting spent in this place.
 E = Time spent auto-exploring this place.
 F = Levels seen in this place.
 G = Mean time per level.
                   A        B        C        D        E       F      G
               +--------+--------+--------+--------+--------+-----+--------+
         Total |   8405 |   7918 |    487 |    135 |   5564 |  12 |  700.4 |
       Dungeon |   7513 |   7026 |    487 |     95 |   5079 |  10 |  751.3 |
        Temple |      1 |      1 |      0 |      0 |      0 |   1 |    1.0 |
         Sewer |    889 |    889 |      0 |     40 |    485 |   1 |  889.0 |
               +--------+--------+--------+--------+--------+-----+--------+

Top non-repeatable levels by time:
     D:3: 1235 daAuts
     D:8: 1082 daAuts
     D:5: 940 daAuts
     D:1: 923 daAuts
   Sewer: 889 daAuts
     D:6: 708 daAuts
     D:9: 705 daAuts
     D:2: 684 daAuts
     D:7: 605 daAuts
     D:4: 594 daAuts
    D:10: 34 daAuts
  Temple: 1 daAuts
